 Dungeon Crawl Stone Soup version 0.26.0-10-g1f06aea511 (webtiles) character file.

Game seed: 12418405437460402258

113 Borgoz the Slasher (level 4, -2/38 HPs)
             Began as a Ghoul Gladiator on Jan 30, 2021.
             Slain by an orc wizard
             ... wielding a +0 dagger
              (3 damage)
             ... on level 3 of the Dungeon.
             The game lasted 00:03:37 (2551 turns).

Borgoz the Slasher (Ghoul Gladiator)                Turns: 2551, Time: 00:03:38

Health: -2/38      AC:  7    Str: 17    XL:     4   Next: 96%
Magic:  3/3        EV: 12    Int:  3    God:
Gold:   110        SH:  0    Dex: 11    Spells: 3/3 levels left

rFire    . . .     SeeInvis .   a - +0 long sword
rCold    + . .     Faith    .   (no shield)
rNeg     + + +     Spirit   .   b - +0 leather armour
rPois    ∞         Reflect  .   c - +0 helmet
rElec    .         Harm     .   s - +1 cloak
rCorr    .         Rampage  .   (no gloves)
Will     .....                  f - +0 pair of boots
Stlth    +.........             (no amulet)
HPRegen  0.00/turn              (no ring)
MPRegen  0.08/turn              (no ring)

@: no status effects
A: claws 1, cold resistance 1, negative energy resistance 3, inhibited
regeneration, torment resistance, unbreathing
a: no special abilities


You were on level 3 of the Dungeon.
You visited 1 branch of the dungeon, and saw 3 of its levels.

You collected 110 gold pieces.

Inventory:

Hand Weapons
 a - a +0 long sword (weapon)
Missiles
 d - 3 throwing nets (quivered)
Armour
 b - a +0 leather armour (worn)
 c - a +0 helmet (worn)
 f - a +0 pair of boots (worn)
 s - a +1 cloak (worn)
Jewellery
 m - an uncursed ring of flight
Scrolls
 e - a scroll of fear {unknown}
 g - 2 scrolls of random uselessness {unknown}
 j - 4 scrolls of identify {unknown}
 l - a scroll of enchant armour {unknown}
 n - a scroll of blinking {unknown}
 t - a scroll of fog {unknown}
Potions
 h - 5 potions of degeneration {unknown}
 i - a potion of brilliance {unknown}
 k - a potion of ambrosia {unknown}
 p - a potion of magic
 q - a potion of flight {unknown}
 r - a potion of might {unknown}


   Skills:
 + Level 3.0 Fighting
 * Level 3.7 Long Blades
 - Level 1.7 Throwing
 + Level 1.5 Armour
 + Level 3.2 Dodging


You had 3 spell levels left.
You didn't know any spells.
Your spell library was empty.

Dungeon Overview and Level Annotations

Branches:
Dungeon (3/15)

Altars:
Fedhas


Innate Abilities, Weirdness & Mutations

You thrive by killing the living.
You are immune to poison.
You have sharp fingernails.
Your flesh is cold resistant. (rC+)
You are immune to negative energy. (rN+++)
You do not regenerate when monsters are visible.
You are immune to unholy pain and torment.
You can survive without breathing.


Message History

You feel better. The orc misses you.
The orc wizard points at itself and mumbles some strange words.
The orc wizard flickers and vanishes!
Deactivating autopickup; reactivate with Ctrl-A.
You closely miss something. The orc hits you but does no damage.
Something hits you but does no damage.
You barely miss something. The orc hits you with a +0 mace.
* * * LOW HITPOINT WARNING * * *
Something hits you.
* * * LOW HITPOINT WARNING * * *
You barely miss something. Something hits you but does no damage.
The orc hits you but does no damage.
You miss something. Something hits you but does no damage.
The orc hits you with a +0 mace.
* * * LOW HITPOINT WARNING * * *
Something hits you but does no damage.
You miss something. The orc hits you with a +0 mace.
* * * LOW HITPOINT WARNING * * *
Something hits you.
You die...

#......÷)..# #..
#..........# #..
#..........# #..
#..........# #..
#..........# #..
#..."......# #..
#...)......# #..
#.{..((....# ### #
#.@o.......########
#.+..........'.......
#.#..........########
...........#### #
...#.#...#.# #
...#.#.#.#.# # ..
#.....#.# # #..
#.#.###.# # #.#... .#
#


You could see an orc.

Vanquished Creatures
  5 adders
  A worm (D:3)
  A dart slug (D:1)
  2 leopard geckos
  4 orcs (D:3)
  3 giant cockroaches
  4 goblins
  7 hobgoblins
  8 jackals
  4 kobolds
  A quokka (D:3)
  9 bats
  2 frilled lizards
  3 rats (D:2)
54 creatures vanquished.

Notes
Turn   | Place    | Note
-------+----------+-------------------------------------------
     0 | D:1      | Borgoz the Ghoul Gladiator began the quest for the Orb.
     0 | D:1      | Reached XP level 1. HP: 17/17 MP: 0/0
   242 | D:1      | Reached XP level 2. HP: 25/25 MP: 1/1
   824 | D:2      | Reached XP level 3. HP: 30/30 MP: 2/2
  1018 | D:2      | Reached skill level 1 in Armour
  1363 | D:2      | Reached XP level 4. HP: 37/37 MP: 3/3
  1461 | D:2      | Found a blossoming altar of Fedhas.
  2551 | D:3      | HP: 1/38 [orc/+0 mace (3)]
  2551 | D:3      | Slain by an orc wizard

Illustrated notes

Levels and vault maps discovered:
D:1:      amcnicky_arrival_choice, layout_basic
D:2:      layout_loops_cross, lemuel_round_altar, chequers_serial_rivers_micro_c
D:3:      layout_basic

Skill      XL: |  1  2  3  4 |
---------------+-------------+-----
Long Blades    | 3 |  3.7
Dodging        | 3 |  3.2
Armour         | 1 |  1.5
Fighting       | 3 |  3.0
Throwing       | |  1.7

Action                   |  1- 3 |  4- 6 || total
-------------------------+-------+-------++-------
Melee: Long sword        |   109 |    83 ||   192
  Use: Potion            |       |     5 ||     5
Armor: Leather armour    |    62 |    39 ||   101
Dodge: Dodged            |   106 |    79 ||   185
       Rpst.: Long sword |    27 |    29 ||    56
